[Event "December 19 Late 2023"]
[Site "https://www.chess.com"]
[Date "2023.12.19"]
[Round "11"]
[White "Ambartsumova, Karina"]
[Black "Sivakumar, Shaashwath"]
[Result "0-1"]
[Board "56"]
[TimeControl "180+1"]
[WhiteFideId "4166299"]
[BlackFideId "30912156"]
[WhiteElo "2240"]
[BlackElo "2137"]
[WhiteTeam "RUS"]
[BlackTeam "USA"]
[WhiteClock "0:00:00"]
[BlackClock "0:00:31"]

1. d4 d5 2. c4 c6 3. Nf3 Nf6 4. g3 Bf5 5. Qb3 Qb6 6. Nc3 e6 7. c5 Qxb3 8. axb3 a6 9. Bf4 Nbd7 10. b4 Ne4 11. Nd2 Nxc3 12. bxc3 Be7 13. Nb3 Bd8 14. e3 g5 15. Bd6 Be7 16. Bxe7 Kxe7 17. f3 g4 18. f4 h5 19. Be2 Be4 20. Rg1 Rag8 21. Na5 Rb8 22. Kf2 h4 23. Raf1 hxg3+ 24. hxg3 Rh2+ 25. Ke1 f5 26. Rf2 Rh3 27. Bf1 Rh6 28. Ra2 Kd8 29. c4 Kc7 30. b5 axb5 31. cxb5 Rbh8 32. b6+ Kc8 33. Nxb7 Kxb7 34. Ra7+ Kc8 35. Rc7+ Kd8 36. Rxc6 Nb8 37. Rd6+ Ke7 38. Bb5 Rh2 39. b7 Rb2 40. Rb6 Nd7 41. c6 Nxb6 42. c7 Rhh2 43. Ba4 Bf3 0-1

[Event "December 19 Late 2023"]
[Site "https://www.chess.com"]
[Date "2023.12.19"]
[Round "11"]
[White "Asish Panda"]
[Black "Mazurkiewicz, Michal"]
[Result "1-0"]
[Board "57"]
[TimeControl "180+1"]
[WhiteFideId "45012458"]
[BlackFideId "1124943"]
[WhiteElo "1767"]
[BlackElo "2103"]
[WhiteTeam "IND"]
[BlackTeam "POL"]
[WhiteClock "0:00:05"]
[BlackClock "0:00:00"]

1. e4 d6 2. d4 Nf6 3. Nc3 c6 4. g3 b5 5. a3 e5 6. Bg2 Be7 7. Nge2 O-O 8. O-O Bb7 9. h3 Nbd7 10. f4 a5 11. f5 b4 12. axb4 axb4 13. Na4 exd4 14. Qxd4 c5 15. Qd3 Ne5 16. Qe3 Nc4 17. Qd3 Ba6 18. Qd1 Nd7 19. b3 Nce5 20. Bb2 Bf6 21. Kh1 Nb6 22. Nxb6 Qxb6 23. Re1 Nd3 24. Bxf6 Nf2+ 25. Kh2 Nxd1 26. Raxd1 gxf6 27. Nf4 Bb7 28. Rd2 Ra2 29. Red1 Rd8 30. Nh5 d5 31. exd5 Qd6 32. Re1 c4 33. bxc4 b3 34. Rb1 Rxc2 35. Rdd1 b2 36. Nf4 Rc8 37. Re1 h5 38. Nxh5 R8xc4 39. Re8+ Kh7 40. Nf4 Rxg2+ 41. Nxg2 Qxd5 42. Re2 Rb4 43. Rbxb2 Rxb2 44. Rxb2 Bc6 45. h4 Qxf5 46. Rd2 Bd7 47. Nf4 Qg4 48. Rf2 Bc8 49. Ng2 Kg7 50. Rf4 Qe6 51. Rf2 Bb7 52. Nf4 Qc4 53. Re2 Qc1 54. Kh3 Qh1+ 55. Kg4 Bf3+ 56. Kf5 Bxe2 57. Nxe2 Qf3+ 58. Nf4 Qxg3 59. Nh5+ Kh6 60. Nxg3 Kg7 61. h5 1-0

[Event "December 19 Late 2023"]
[Site "https://www.chess.com"]
[Date "2023.12.19"]
[Round "11"]
[White "Gasparyan, David"]
[Black "Womacka, Mathias"]
[Result "1-0"]
[Board "58"]
[TimeControl "180+1"]
[WhiteFideId "13311980"]
[BlackFideId "4611390"]
[WhiteElo "2453"]
[BlackElo "2376"]
[WhiteTeam "USA"]
[BlackTeam "GER"]
[WhiteClock "0:00:32"]
[BlackClock "0:00:00"]

1. Nf3 c5 2. g3 Nc6 3. Bg2 g6 4. O-O Bg7 5. c4 e5 6. Nc3 Nge7 7. d3 d6 8. Rb1 O-O 9. a3 a5 10. b3 h6 11. Bb2 Be6 12. e3 d5 13. Nb5 d4 14. exd4 cxd4 15. Re1 Qd7 16. Nd2 Bg4 17. Qc2 h5 18. Ne4 h4 19. Nc5 Qc8 20. Nd6 Qc7 21. Nb5 Qb6 22. Na4 Qd8 23. h3 Bc8 24. g4 f5 25. Qe2 e4 26. Rbd1 exd3 27. Rxd3 fxg4 28. Nc5 gxh3 29. Ne6 Bxe6 30. Qxe6+ Kh8 31. Rxh3 Nf5 32. Qxg6 Rf6 33. Qg4 Qf8 34. Nc7 Rc8 35. Nd5 Rh6 36. Bc1 Rh7 37. Be4 Ne5 38. Qxf5 1-0

[Event "December 19 Late 2023"]
[Site "https://www.chess.com"]
[Date "2023.12.19"]
[Round "11"]
[White "Blanco Diez, David"]
[Black "Korchynskyi, Mykola"]
[Result "0-1"]
[Board "59"]
[TimeControl "180+1"]
[WhiteFideId "32032927"]
[BlackFideId "34138005"]
[WhiteElo "2170"]
[BlackElo "2007"]
[WhiteTeam "ESP"]
[BlackTeam "UKR"]
[WhiteClock "0:00:00"]
[BlackClock "0:00:32"]

1. Nf3 d5 2. b3 Nf6 3. Bb2 e6 4. c4 Be7 5. e3 O-O 6. Nc3 b6 7. cxd5 exd5 8. d4 Bb7 9. Bd3 Nbd7 10. O-O c5 11. Rc1 cxd4 12. Nxd4 Ne4 13. Nf5 Bf6 14. Qe2 Ndc5 15. Bxe4 dxe4 16. Rcd1 Nd3 17. Ba1 Rc8 18. Nb5 Bxa1 19. Rxa1 Ba6 20. Nbd6 Rc6 21. Qg4 Qf6 22. Nxe4 Qb2 23. Rfb1 Qe5 24. f4 Rg6 25. Qxg6 hxg6 26. fxe5 gxf5 27. Nd6 Nxe5 28. Rc1 Rd8 29. Nxf5 Rd2 30. Rd1 Rc2 31. Ne7+ Kh7 32. Rd4 g6 33. Rh4+ Kg7 34. Rd1 Bb7 35. g3 Nf3+ 36. Kf1 Ba6+ 0-1

[Event "December 19 Late 2023"]
[Site "https://www.chess.com"]
[Date "2023.12.19"]
[Round "11"]
[White "Tifferet, Shakked"]
[Black "Lopusiewicz, Piotr"]
[Result "1-0"]
[Board "60"]
[TimeControl "180+1"]
[WhiteFideId "2811529"]
[BlackFideId "1116029"]
[WhiteElo "2142"]
[BlackElo "2286"]
[WhiteTeam "ISR"]
[BlackTeam "POL"]
[WhiteClock "0:00:25"]
[BlackClock "0:00:04"]

1. d4 Nf6 2. Nc3 d5 3. Bf4 c5 4. e3 cxd4 5. exd4 a6 6. Nf3 Nc6 7. Ne5 Qb6 8. Nxc6 bxc6 9. Na4 Qa5+ 10. c3 Bg4 11. f3 Bf5 12. Qb3 Nd7 13. Qb7 Qd8 14. Bxa6 e5 15. dxe5 Be7 16. Qxc6 O-O 17. Bb7 Rxa4 18. Qxa4 Nc5 19. Qc6 Nd3+ 20. Kd2 Nxf4 21. g3 Bd7 22. Qa6 Ne6 23. b4 d4 24. cxd4 Bxb4+ 25. Ke3 Nxd4 26. Rad1 Bc5 27. Kf2 Qc7 28. Kg2 Qxe5 29. Be4 Be6 30. Rhe1 Qf6 31. h4 h6 32. Rd2 Bc8 33. Qxf6 gxf6 34. Rc1 Ba7 35. Rc4 Ne6 36. Rd5 Be3 37. Rc3 Bb7 38. Rxe3 Bxd5 39. Bxd5 Rd8 40. Bxe6 fxe6 41. Rxe6 Rd2+ 42. Kh3 Rxa2 43. Rxf6 Kg7 44. Rf4 Ra3 45. h5 Ra4 46. Rxa4 1-0

[Event "December 19 Late 2023"]
[Site "https://www.chess.com"]
[Date "2023.12.19"]
[Round "11"]
[White "Grapsa, Georgia"]
[Black "Vafin, Ayrat"]
[Result "0-1"]
[Board "61"]
[TimeControl "180+1"]
[WhiteFideId "4206436"]
[BlackFideId "4146530"]
[WhiteElo "1794"]
[BlackElo "2317"]
[WhiteTeam "GRE"]
[BlackTeam "RUS"]
[WhiteClock "0:00:06"]
[BlackClock "0:00:10"]

1. e4 e5 2. Nf3 Nf6 3. Nxe5 d6 4. Nf3 Nxe4 5. Nc3 Nxc3 6. dxc3 Be7 7. Be3 Nc6 8. Bd3 Be6 9. Qd2 Qd7 10. O-O-O Bf6 11. Kb1 O-O-O 12. Rhe1 h6 13. h3 Rhe8 14. Nd4 Nxd4 15. cxd4 Bf5 16. Qa5 Bxd3 17. Rxd3 a6 18. Rb3 d5 19. Rd1 Re6 20. Rdd3 Rde8 21. a4 g5 22. Rdc3 Bd8 23. Qc5 Kb8 24. Qb4 Rb6 25. Qa3 Be7 26. Qa2 Rxb3 27. Qxb3 f5 28. Rd3 f4 29. Bc1 Bf6 30. c4 dxc4 31. Qxc4 Re1 32. Ka2 Qf5 33. Rb3 Qe6 34. Qxe6 Rxe6 35. Rd3 Re2 36. g3 Rxf2 37. gxf4 gxf4 38. Kb3 f3 39. Kc4 Rc2+ 40. Rc3 Rxc3+ 41. bxc3 f2 42. Kd5 f1=Q 43. Bxh6 Qf5+ 44. Kc4 Bg5 45. Bg7 Qf7+ 0-1

[Event "December 19 Late 2023"]
[Site "https://www.chess.com"]
[Date "2023.12.19"]
[Round "11"]
[White "Yagupov, Igor"]
[Black "Nielsen, Viktor Haarmark"]
[Result "0-1"]
[Board "62"]
[TimeControl "180+1"]
[WhiteFideId "4113632"]
[BlackFideId "1444492"]
[WhiteElo "2179"]
[BlackElo "2315"]
[WhiteTeam "RUS"]
[BlackTeam "DEN"]
[WhiteClock "0:01:17"]
[BlackClock "0:00:11"]

1. e4 e5 2. Nf3 Nc6 3. Bb5 a6 4. Ba4 Nf6 5. O-O b5 6. Bb3 Bc5 7. a4 Rb8 8. c3 d6 9. d4 Bb6 10. a5 Ba7 11. Be3 Bg4 12. dxe5 Bxe3 13. exf6 Ba7 14. fxg7 Rg8 15. Qd5 Qd7 16. Qg5 Bxf3 17. gxf3 Ne5 18. Kh1 Qh3 19. Qg2 Qxg2+ 20. Kxg2 Rxg7+ 21. Kh1 Nxf3 22. Na3 Ke7 23. Bd1 Nd2 24. Bf3 Nxf3 25. Nc2 Rbg8 26. Nb4 Kd7 27. Rad1 Rg2 0-1

[Event "December 19 Late 2023"]
[Site "https://www.chess.com"]
[Date "2023.12.19"]
[Round "11"]
[White "Makaraci, Tunahan"]
[Black "Azar, Sebastien"]
[Result "0-1"]
[Board "63"]
[TimeControl "180+1"]
[WhiteFideId "6356559"]
[BlackFideId "2640198"]
[WhiteElo "2112"]
[BlackElo "2399"]
[WhiteTeam "TUR"]
[BlackTeam "CAN"]
[WhiteClock "0:00:00"]
[BlackClock "0:00:01"]

1. e4 c5 2. c3 Nf6 3. e5 Nd5 4. Nf3 d6 5. d4 cxd4 6. cxd4 Nc6 7. Bc4 Nb6 8. Bb3 dxe5 9. d5 Na5 10. Nc3 Nxb3 11. Qxb3 e4 12. Ne5 g6 13. Be3 Bg7 14. Nc4 Bxc3+ 15. Qxc3 f6 16. Nxb6 axb6 17. O-O O-O 18. Rfd1 Ra5 19. a4 Rxd5 20. Rxd5 Qxd5 21. Bxb6 Bd7 22. Qb4 Bc6 23. Be3 Rd8 24. h3 Kf7 25. Rc1 Qd6 26. Bc5 Qe6 27. a5 Rd3 28. Be3 Qb3 29. Qc5 Qb5 30. Qa7 Rb3 31. Qb8 Rxb2 32. Qh8 Rb1 33. Qxh7+ Ke6 34. Qg8+ Kd7 35. Rxb1 Qxb1+ 36. Kh2 Qa1 37. Bb6 Qe5+ 38. Kg1 g5 39. Qd8+ Ke6 40. Bc7 Qa1+ 41. Kh2 Kf7 42. Qh8 Qd4 43. Bd8 Qd7 44. Bc7 Qxc7+ 45. g3 Qd7 46. Qh7+ Ke6 47. Qg8+ Kd6 48. Qc4 Kc7 49. Qc5 Qd6 50. Qb6+ Kd7 51. a6 bxa6 52. Qxa6 Ke6 53. Qc4+ Qd5 54. Qc3 Kf7 55. Qe3 Qe6 56. Kg2 Bd5 57. g4 Qe5 58. Kg1 Kg7 59. Qc5 Kf7 60. Qe3 Qe6 61. Qc5 Qd6 62. Qd4 Qc6 63. Qe3 Be6 64. Kh2 Qc4 65. Kg1 Qd3 66. Qc5 Qxh3 67. f3 Qxf3 68. Kh2 Qxg4 69. Qd4 Qh4+ 70. Kg1 e3 71. Kg2 Qxd4 0-1

[Event "December 19 Late 2023"]
[Site "https://www.chess.com"]
[Date "2023.12.19"]
[Round "11"]
[White "Smith, Garrett L"]
[Black "Osmak, Yuliia"]
[Result "0-1"]
[Board "64"]
[TimeControl "180+1"]
[WhiteFideId "2024829"]
[BlackFideId "14101602"]
[WhiteElo "2392"]
[BlackElo "2303"]
[WhiteTeam "USA"]
[BlackTeam "UKR"]
[WhiteClock "0:00:05"]
[BlackClock "0:00:05"]

1. e4 e5 2. Nf3 Nc6 3. Bc4 Nf6 4. Ng5 d5 5. exd5 Na5 6. Bb5+ c6 7. dxc6 bxc6 8. Bd3 Bd6 9. O-O O-O 10. Re1 h6 11. Ne4 Nxe4 12. Bxe4 f5 13. Bd3 Rb8 14. Bf1 f4 15. b3 f3 16. g3 Bg4 17. Nc3 Qc8 18. Ne4 Be7 19. Re3 Qf5 20. Bb2 Rb4 21. c4 Rbb8 22. c5 Rb4 23. Bc3 Rxe4 24. Bd3 Qh5 25. Bxe4 Nb7 26. b4 Bg5 27. Rd3 Nd8 28. b5 cxb5 29. c6 Ne6 30. Bd5 Kh8 31. Rc1 Nc5 32. Bb4 Nxd3 33. Bxf8 Qh3 34. Qf1 Nxc1 35. Qxh3 Bxh3 36. Bf7 Bc8 37. Be8 Bd8 38. Bd6 Nd3 39. c7 Bf6 40. h3 e4 41. g4 Be5 42. Bxe5 Nxe5 0-1

[Event "December 19 Late 2023"]
[Site "https://www.chess.com"]
[Date "2023.12.19"]
[Round "11"]
[White "Kotlyar, Kirill"]
[Black "Skibbe, Willi"]
[Result "0-1"]
[Board "65"]
[TimeControl "180+1"]
[WhiteFideId "24145599"]
[BlackFideId "4682190"]
[WhiteElo "2397"]
[BlackElo "2390"]
[WhiteTeam "RUS"]
[BlackTeam "GER"]
[WhiteClock "0:00:12"]
[BlackClock "0:00:17"]

1. e4 e5 2. Nf3 Nc6 3. Bb5 a6 4. Ba4 Nf6 5. O-O Be7 6. Re1 b5 7. Bb3 d6 8. h3 O-O 9. c3 Nb8 10. d4 Nbd7 11. Bc2 Bb7 12. d5 c6 13. dxc6 Bxc6 14. Nbd2 Nc5 15. b4 Ne6 16. Nf1 Qc7 17. Ng3 g6 18. Be3 Rfd8 19. Rc1 d5 20. exd5 Nxd5 21. Bd2 Nxc3 22. Bxc3 Rxd1 23. Bxd1 f6 24. Bb3 Kf7 25. Bxe5 fxe5 26. Nxe5+ Kf6 27. Rxc6 Qb7 28. Rxe6+ Kg7 29. Ng4 Bxb4 30. R1e4 Ba3 31. Nf6 Rf8 32. Ne8+ Kh6 33. R6e5 Rxe8 34. Rxe8 Bc5 35. Bg8 Kg7 36. Bb3 a5 37. a4 bxa4 38. Bxa4 Qb1+ 39. Re1 Qa2 40. Bc6 Bxf2+ 41. Kh2 Bxe1 42. Rxe1 Qc2 43. Re6 a4 44. Be4 Qc4 45. Re7+ Kf6 46. Ra7 h5 47. h4 Ke5 48. Ra5+ Kf4 49. Rg5 a3 50. Bd5 Qd3 51. Bg8 Qc2 52. Bf7 a2 53. Bxa2 Qxa2 54. Rxg6 Qc2 55. Rg5 Qd1 56. Rxh5 Qg4 57. Rg5 Qxh4+ 58. Kg1 Qxg5 59. Nf1 Qc5+ 60. Kh2 Kg4 61. Nd2 Qd6+ 62. Kh1 Qxd2 63. g3 Qe1+ 64. Kh2 Qxg3+ 65. Kh1 Qh3+ 66. Kg1 Qa3 67. Kf1 Qa2 68. Kg1 Kf3 69. Kh1 Qg2# 0-1

[Event "December 19 Late 2023"]
[Site "https://www.chess.com"]
[Date "2023.12.19"]
[Round "11"]
[White "Polster, Christian"]
[Black "Shapiro, Viktor"]
[Result "1-0"]
[Board "66"]
[TimeControl "180+1"]
[WhiteFideId "12965081"]
[BlackFideId "4175700"]
[WhiteElo "2141"]
[BlackElo "2044"]
[WhiteTeam "GER"]
[BlackTeam "RUS"]
[WhiteClock "0:00:07"]
[BlackClock "0:00:54"]

1. d4 Nf6 2. c4 c5 3. d5 e6 4. Nc3 exd5 5. cxd5 d6 6. e4 g6 7. Nf3 Bg7 8. Bd3 O-O 9. O-O a6 10. a4 Bg4 11. h3 Bxf3 12. Qxf3 Nbd7 13. Qe2 Re8 14. Qc2 c4 15. Bxc4 Rc8 16. Bd3 Nc5 17. f3 Qb6 18. Be3 Qb4 19. Rf2 Nfd7 20. Bf1 Nb3 21. Rd1 Ndc5 22. Kh1 Nxa4 23. Bf4 Nxc3 24. bxc3 Rxc3 25. Qb1 Qc5 26. Rb2 Na5 27. Bd2 Ra3 28. Bb4 Bxb2 29. Bxc5 dxc5 30. Qxb2 Rb3 31. Qa2 b6 32. Bxa6 Rd8 33. d6 Re3 34. d7 Nc6 35. Bc8 Nd4 36. Qd5 Ra3 37. Qe5 Ra7 38. Qe7 Nc6 39. Qd6 Nb4 40. Qxb6 Raxd7 41. Bxd7 Rf8 42. Qxc5 Na6 43. Qc6 Nb8 44. Qd6 Rd8 45. Qc7 Rf8 46. Bb5 h5 47. Rd8 Rxd8 48. Qxd8+ Kg7 49. Qxb8 Kf6 50. Qd6+ Kg5 51. Qe5+ Kh4 52. Qf4# 1-0

[Event "December 19 Late 2023"]
[Site "https://www.chess.com"]
[Date "2023.12.19"]
[Round "11"]
[White "Romero Ruscalleda, Josep"]
[Black "Soderstrom, Adrian"]
[Result "1-0"]
[Board "67"]
[TimeControl "180+1"]
[WhiteFideId "2231859"]
[BlackFideId "1745786"]
[WhiteElo "2200"]
[BlackElo "2154"]
[WhiteTeam "ESP"]
[BlackTeam "SWE"]
[WhiteClock "0:00:13"]
[BlackClock "0:00:19"]

1. e4 e6 2. d4 d5 3. e5 c5 4. c3 Nc6 5. Be3 Qb6 6. Qd2 cxd4 7. cxd4 Nge7 8. Nc3 Nf5 9. Nf3 Bd7 10. Bd3 Nxe3 11. fxe3 Nb4 12. Bb1 Qa6 13. a3 Rc8 14. Kf2 Nc6 15. Rc1 Na5 16. Ba2 Be7 17. Kg1 O-O 18. Rf1 Bb5 19. Nxb5 Qxb5 20. Rad1 Nb3 21. Qf2 a5 22. h4 f6 23. Qg3 f5 24. Bb1 Qe2 25. Qf2 Qxf2+ 26. Rxf2 Rc6 27. Bd3 Rfc8 28. Kh2 Rc1 29. Rff1 R1c6 30. Kg3 Rb6 31. Rf2 a4 32. h5 Na5 33. Kf4 g6 34. hxg6 hxg6 35. g4 Nc6 36. Rg1 Nd8 37. gxf5 exf5 38. Bxf5 Ne6+ 39. Bxe6+ Rxe6 40. Kg3 Rb6 41. Kh3 Kg7 42. Rfg2 Rh8+ 43. Kg3 Rb3 44. Re2 g5 45. Kf2 Kg6 46. Rg4 Rf8 47. Kg3 Kf5 48. Nh2 Rh8 49. Rf2+ Kg6 50. Re2 Rf8 51. Nf3 Rf7 52. Nh4+ Kh5 53. Nf3 Bd8 54. e6 Rf8 55. Ne5 Kh6 56. Rh2+ Kg7 57. Re2 Be7 58. Nd7 Bd6+ 59. Kg2 Rf5 60. Nc5 Bxc5 61. dxc5 Re5 62. Rxa4 Rbxe3 63. Rxe3 Rxe3 64. Rb4 Rxe6 65. Rxb7+ Kf8 66. b4 Re3 67. b5 Rxa3 68. c6 Rc3 69. c7 Ke8 70. Rb8+ Kd7 71. b6 d4 72. Rd8+ Kc6 73. c8=Q+ Kb5 74. Qxc3 dxc3 75. b7 Kc4 76. b8=Q c2 77. Rc8+ Kd3 78. Rxc2 Kxc2 79. Qe5 Kd3 80. Qxg5 Ke4 81. Kf2 Kd4 82. Qe7 Kd3 83. Kf3 Kd4 84. Qd6+ Kc4 85. Ke4 Kc3 86. Qc5+ Kd2 87. Qa3 Kc2 88. Qa2+ Kc3 89. Ke3 Kb4 90. Kd4 Kb5 91. Qc2 Kb6 92. Kd5 Kb7 93. Qc6+ Ka7 94. Qb5 Ka8 95. Kc6 Ka7 96. Qb7# 1-0

[Event "December 19 Late 2023"]
[Site "https://www.chess.com"]
[Date "2023.12.19"]
[Round "11"]
[White "Marin Pincheira, Carlos"]
[Black "Deng, Henry"]
[Result "0-1"]
[Board "69"]
[TimeControl "180+1"]
[WhiteFideId "3407543"]
[BlackFideId "30965454"]
[WhiteElo "2080"]
[BlackElo "2568"]
[WhiteTeam "CHI"]
[BlackTeam "USA"]
[WhiteClock "0:00:08"]
[BlackClock "0:00:46"]

1. d4 d5 2. c4 c6 3. Nf3 Nf6 4. e3 Bf5 5. Nc3 e6 6. h3 h6 7. Qb3 Qc7 8. Bd2 Nbd7 9. Rc1 Rc8 10. Be2 Be7 11. O-O O-O 12. Rfd1 a6 13. cxd5 exd5 14. Na4 Rfe8 15. Bb4 Ne4 16. Bxe7 Rxe7 17. Nh4 Be6 18. Bg4 Ndf6 19. Nf5 Ree8 20. Qb6 Nxg4 21. hxg4 g6 22. Qxc7 Rxc7 23. Nxh6+ Kg7 24. f3 Kxh6 25. fxe4 Bxg4 26. Rd2 Rxe4 27. Kf2 Kg7 28. Nb6 Ree7 29. Rdc2 Be6 30. Rc5 Re8 31. Rh1 Rce7 32. a4 Bf5 33. Rc3 Bg4 34. a5 f5 35. Na4 g5 36. g3 Re4 37. Nc5 R4e7 38. Rb3 Kg6 39. Rb6 Rxe3 40. Nxb7 Re2+ 41. Kf1 Re1+ 0-1

[Event "December 19 Late 2023"]
[Site "https://www.chess.com"]
[Date "2023.12.19"]
[Round "11"]
[White "Tao, Sihan"]
[Black "Malek, Omid"]
[Result "1-0"]
[Board "70"]
[TimeControl "180+1"]
[WhiteFideId "30982677"]
[BlackFideId "2605384"]
[WhiteElo "1943"]
[BlackElo "2013"]
[WhiteTeam "USA"]
[BlackTeam "CAN"]
[WhiteClock "0:00:26"]
[BlackClock "0:00:10"]

1. e4 e6 2. d4 d5 3. exd5 exd5 4. Nf3 Nf6 5. Bd3 Be7 6. O-O Bg4 7. Bf4 Nc6 8. c3 h6 9. Nbd2 g5 10. Bg3 Qd7 11. Qc2 O-O-O 12. h3 Bxh3 13. gxh3 Kb8 14. Bf5 Qe8 15. Rfe1 Qf8 16. Ne5 Nxe5 17. Bxe5 g4 18. Bxg4 Rg8 19. Qf5 Nxg4 20. hxg4 h5 21. Qxh5 f5 22. Kf1 fxg4 23. Ke2 Bg5 24. Qh7 Re8 25. Qxc7+ Ka8 26. Rf1 Qf5 27. Rae1 Qc2 28. Rd1 Rgf8 29. Qd7 Rxe5+ 30. dxe5 Rd8 31. Qb5 Qf5 32. Rde1 d4 33. Qd3 Qxe5+ 34. Kd1 Qa5 35. Nb3 Qxa2 36. Kc2 dxc3 37. Qxc3 Qa6 38. Kb1 Qg6+ 39. Qc2 Qb6 40. Rd1 Rb8 41. Rfe1 Bf6 42. Nc5 Rd8 43. Nd7 Qxb2+ 44. Qxb2 Bxb2 45. Nb6+ Kb8 46. Rxd8+ Kc7 47. Kxb2 Kxb6 48. Rd6+ Kb5 49. Rg6 b6 50. Rxg4 Ka6 51. Ra1+ Kb7 52. Rg7+ Kc6 53. Rgxa7 Kd5 54. R7a6 Ke4 55. Rxb6 Kf3 56. Rb3+ Kg2 57. Ka3 Kxf2 58. Ra2+ Ke1 59. Rb1# 1-0

[Event "December 19 Late 2023"]
[Site "https://www.chess.com"]
[Date "2023.12.19"]
[Round "11"]
[White "Crispin Ferreras, Darvi Abraham"]
[Black "Ferreira, Vitor Hugo Vieira"]
[Result "0-1"]
[Board "71"]
[TimeControl "180+1"]
[WhiteFideId "6402771"]
[BlackFideId "2119765"]
[WhiteElo "2149"]
[BlackElo "2123"]
[WhiteTeam "DOM"]
[BlackTeam "BRA"]
[WhiteClock "0:01:00"]
[BlackClock "0:00:55"]

1. e4 c5 2. Nf3 d6 3. d4 cxd4 4. Nxd4 Nf6 5. Nc3 a6 6. h4 e5 7. Nb3 Be6 8. Be2 Nc6 9. g4 d5 10. exd5 Nxd5 11. Bd2 Bb4 12. Bf3 Nxc3 13. bxc3 Be7 14. Qe2 Bxh4 15. Nc5 Bc8 16. Bxc6+ bxc6 17. Qxe5+ Qe7 18. Qxe7+ Bxe7 19. Nd3 Bxg4 20. Ne5 Be6 21. Be3 Bf6 22. Bf4 Bd5 23. Rg1 O-O 24. Kd2 Rad8 25. Kc1 Rfe8 26. Re1 Re6 27. Bg3 Rde8 28. f4 Be7 29. a3 Bd6 30. Kd2 f6 31. Nd3 Rxe1 32. Bxe1 Bc4 33. Bg3 g5 34. Rf1 Re4 35. Rf3 g4 36. Re3 Bxd3 37. cxd3 Rxe3 38. Kxe3 Bxa3 39. f5 h5 40. c4 Bb4 41. d4 a5 42. d5 cxd5 43. cxd5 Kf8 44. Kd4 Ke7 45. Kc4 Bd6 46. Bf2 g3 47. Bg1 h4 48. Kb5 h3 0-1

[Event "December 19 Late 2023"]
[Site "https://www.chess.com"]
[Date "2023.12.19"]
[Round "11"]
[White "Obon Temprano, Sergi"]
[Black "Novikova, Galina"]
[Result "1-0"]
[Board "72"]
[TimeControl "180+1"]
[WhiteFideId "2226545"]
[BlackFideId "4157095"]
[WhiteElo "2135"]
[BlackElo "1972"]
[WhiteTeam "ESP"]
[BlackTeam "RUS"]
[WhiteClock "0:00:14"]
[BlackClock "0:00:01"]

1. d4 e5 2. dxe5 d6 3. Nf3 Bg4 4. e4 Nc6 5. exd6 Bxd6 6. Be2 Qe7 7. Nc3 O-O-O 8. Bd2 Bxf3 9. Bxf3 Bf4 10. Nb1 Nf6 11. Qe2 Nd4 12. Qd3 Nxf3+ 13. Qxf3 Bxd2+ 14. Nxd2 Rxd2 15. Kxd2 Nxe4+ 16. Kc1 Qg5+ 17. Qe3 Qxg2 18. Re1 f5 19. f3 Nd6 20. Qe2 Qg5+ 21. Qd2 Qh5 22. Qg2 Qh6+ 23. Kb1 Rd8 24. a3 a6 25. Ka2 Kb8 26. Rad1 g6 27. Qe2 Re8 28. Qd2 Qf8 29. Rxe8+ Qxe8 30. Re1 Qf7+ 31. b3 f4 32. Qd4 g5 33. Qe5 Qh5 34. Qe2 Ka7 35. Rg1 h6 36. Qf2+ b6 37. Re1 Nf5 38. Re5 Ne3 39. Re7 Kb7 40. Qe2 Qh3 41. Kb2 Qc8 42. Qd3 Qh8+ 43. Ka2 Qc8 44. Qe4+ Ka7 45. Qc6 Nd5 46. Qxd5 Qh3 47. Rxc7+ Kb8 48. Qb7# 1-0

[Event "December 19 Late 2023"]
[Site "https://www.chess.com"]
[Date "2023.12.19"]
[Round "11"]
[White "Silvestre, Christian"]
[Black "Argandona Riveiro, Inigo"]
[Result "1/2-1/2"]
[Board "73"]
[TimeControl "180+1"]
[WhiteFideId "30956269"]
[BlackFideId "2212072"]
[WhiteElo "2282"]
[BlackElo "2391"]
[WhiteTeam "USA"]
[BlackTeam "ESP"]
[WhiteClock "0:01:56"]
[BlackClock "0:01:11"]

1. Nf3 d6 2. g3 Nf6 3. Bg2 e5 4. O-O e4 5. Ne1 h5 6. h4 Bg4 7. d3 exd3 8. cxd3 Be7 9. f3 Be6 10. e4 Nc6 11. d4 d5 12. e5 Nd7 13. Be3 Nb6 14. b3 Qd7 15. Nd2 O-O-O 16. a4 a5 17. Nd3 Kb8 18. Qc2 Nb4 19. Nxb4 Bxb4 20. Rac1 Bf5 21. Qb2 Bd3 22. Rfe1 f6 23. Bf1 Bxf1 24. Rxf1 fxe5 25. dxe5 Rde8 26. Bxb6 cxb6 27. Kg2 Bxd2 28. Qxd2 Rxe5 29. Rfe1 Rxe1 30. Rxe1 Re8 31. Rxe8+ Qxe8 32. Qxd5 Qe2+ 33. Kg1 g6 34. f4 Ka7 35. Qc4 Qg4 36. Kg2 Qf5 37. Kf2 Qb1 38. Kg2 1/2-1/2

[Event "December 19 Late 2023"]
[Site "https://www.chess.com"]
[Date "2023.12.19"]
[Round "11"]
[White "Rose, Felix"]
[Black "Nunez V, Gustavo Eduardo"]
[Result "0-1"]
[Board "74"]
[TimeControl "180+1"]
[WhiteFideId "5105722"]
[BlackFideId "4403690"]
[WhiteElo "2039"]
[BlackElo "2167"]
[WhiteTeam "MEX"]
[BlackTeam "COL"]
[WhiteClock "0:00:14"]
[BlackClock "0:01:01"]

1. e4 c5 2. Nf3 Nc6 3. d4 cxd4 4. Nxd4 e5 5. Nb5 a6 6. Nd6+ Bxd6 7. Qxd6 Qf6 8. Qd1 Qg6 9. Nc3 Nge7 10. Be3 d6 11. Qd2 Be6 12. O-O-O Rd8 13. h4 f5 14. h5 Qf7 15. Bb6 Rd7 16. f4 d5 17. exd5 Nxd5 18. Nxd5 Rxd5 19. Qc3 Rxd1+ 20. Kxd1 e4 21. Bxa6 Qd7+ 22. Kc1 bxa6 23. Rd1 Bd5 24. Qc5 Ne7 25. c4 O-O 26. Kb1 Rc8 27. Qd4 Qc6 28. b3 Bf7 29. Ba5 Bxh5 30. Bc3 Qg6 31. Qd8+ Rxd8 32. Rxd8+ Kf7 33. Rd7 Ke6 34. Ra7 Qxg2 35. Rxa6+ Kf7 36. Ra7 e3 37. Bb4 Qe4+ 38. Kb2 e2 39. Rxe7+ Qxe7 40. Bxe7 Kxe7 0-1

[Event "December 19 Late 2023"]
[Site "https://www.chess.com"]
[Date "2023.12.19"]
[Round "11"]
[White "Porat, Tori"]
[Black "Chaika, Vitalii"]
[Result "1/2-1/2"]
[Board "75"]
[TimeControl "180+1"]
[WhiteFideId "30982626"]
[BlackFideId "14111802"]
[WhiteElo "1693"]
[BlackElo "2010"]
[WhiteTeam "USA"]
[BlackTeam "UKR"]
[WhiteClock "0:00:27"]
[BlackClock "0:00:23"]

1. d4 g6 2. c4 c5 3. d5 e5 4. e4 d6 5. Nc3 h5 6. h3 Bh6 7. Bxh6 Nxh6 8. Nf3 a6 9. Bd3 Nd7 10. a3 Kf8 11. Qd2 Kg7 12. O-O f6 13. b4 Qc7 14. Nh2 Nf7 15. f4 exf4 16. Qxf4 Nfe5 17. Be2 Rf8 18. Nf3 Rf7 19. b5 Qa5 20. Qe3 Qd8 21. a4 Nxf3+ 22. Qxf3 Ne5 23. Qg3 Kh7 24. Rf2 Qe7 25. a5 Bd7 26. b6 Raf8 27. Raf1 Rg7 28. Qe3 Rgf7 29. Qg3 Bc8 30. Qe3 Kg7 31. Qg3 Rh8 32. Nd1 h4 33. Qc3 Bd7 34. Ne3 Bc8 35. Qd2 Bd7 36. Qc3 Rh6 37. Qd2 Bc8 38. Qc3 Rh7 39. Qd2 Rh8 40. Qc3 Rhf8 41. Qd2 Bd7 42. Qc3 Rg8 43. Qd2 Rh8 44. Qc3 1/2-1/2

[Event "December 19 Late 2023"]
[Site "https://www.chess.com"]
[Date "2023.12.19"]
[Round "11"]
[White "Przybylski, Wojciech"]
[Black "Biernacki, Mark"]
[Result "1-0"]
[Board "76"]
[TimeControl "180+1"]
[WhiteFideId "1117599"]
[BlackFideId "2082322"]
[WhiteElo "2203"]
[BlackElo "1965"]
[WhiteTeam "POL"]
[BlackTeam "USA"]
[WhiteClock "0:01:45"]
[BlackClock "0:00:13"]

1. e4 c6 2. d4 d5 3. e5 Bf5 4. Nf3 e6 5. Be2 a6 6. O-O h6 7. Nbd2 Nd7 8. a4 c5 9. c3 c4 10. h3 b5 11. a5 Ne7 12. b4 cxb3 13. Nxb3 Rc8 14. Ba3 Rxc3 15. Nc5 Nxc5 16. Bxc5 Nc6 17. Bb6 Qe7 18. Qd2 Qb4 19. Bxb5 axb5 20. a6 Be7 21. a7 Nxa7 22. Rxa7 Qb3 23. Ra8+ Kd7 24. Rxh8 Rxf3 25. Qa5 Qa3 26. Qxb5# 1-0